 Dungeon Crawl Stone Soup version 0.29.1-12-g30fa7ad0bf (webtiles) character file.

Game seed: 2070745156368089618

73 wormed the Ruffian (level 4, -4/40 (42) HPs)
             Began as a Troll Gladiator on Dec 24, 2022.
             Slain by an orc
             ... wielding a +0 hand axe
              (6 damage)
             ... on level 4 of the Dungeon.
             The game lasted 00:01:18 (724 turns).

wormed the Ruffian (Troll Gladiator)                 Turns: 724, Time: 00:01:19

HP:   -4/40 (42)    AC:  4    Str: 24    XL:     4   Next: 8%
MP:   3/3           EV: 10    Int:  4    God:
Gold: 44            SH:  0    Dex: 11    Spells: 3/3 levels left

rFire   . . .      SeeInvis .     - Unarmed
rCold   . . .      Faith    .   (no shield)
rNeg    . . .      Spirit   .   a - +0 robe
rPois   .          Reflect  .   b - +0 hat
rElec   .          Harm     .   (no cloak)
rCorr   .          Rampage  .   (gloves unavailable)
Will    .....                   (boots unavailable)
Stlth   +.........              (no amulet)
HPRegen 0.93/turn               (no ring)
MPRegen 0.08/turn               (no ring)

@: flying, lightly drained
A: large, unfitting armour, claws 3, regeneration 1, shaggy fur 1, tough skin 1
a: no special abilities


You were on level 4 of the Dungeon.
You visited 1 branch of the dungeon, and saw 4 of its levels.

You collected 44 gold pieces.

Inventory:

Missiles
 c - 3 throwing nets (quivered)
 d - a large rock
Armour
 a - a +0 robe (worn)
 b - a +0 hat (worn)
Scrolls
 e - a scroll of teleportation {unknown}
 f - a scroll of identify {unknown}
 g - a scroll of noise {unknown}


   Skills:
 + Level 2.1 Fighting
 + Level 2.3 Throwing
 + Level 2.8 Dodging
 * Level 3.9 Unarmed Combat


You had 3 spell levels left.
You didn't know any spells.
Your spell library contained the following spells:

 Spells                   Type           Power      Damage    Failure   Level
 Portal Projectile        Hex/Tloc       0%         N/A       86%         3
 Tukima's Dance           Hex            0%         N/A       86%         3
 Blade Hands              Tmut           0%         N/A       100%        5


Dungeon Overview and Level Annotations

Branches:
Dungeon (4/15)
 Temple: D:4-7

Altars:


Innate Abilities, Weirdness & Mutations

You are too large for most types of armour.
You have claws for hands.
Your natural rate of healing is unusually fast.
You are covered in fur. (AC +1)
You have tough skin. (AC +1)


Message History

* * * LOW HITPOINT WARNING * * *
You scratch the orc.
The orc is moderately wounded.
The orc hits you with a +0 hand axe.
* * * LOW HITPOINT WARNING * * *
The orc hits you with a +0 club.
* * * LOW HITPOINT WARNING * * *
The orc hits you with a +0 hand axe of draining.
* * * LOW HITPOINT WARNING * * *
You feel drained. The orc hits you but does no damage.
The orc attacks as you move away! The orc closely misses you.
The orc barely misses you.
The ball python attacks as you move away!
The ball python closely misses you. The orc attacks as you move away!
The orc barely misses you. The orc attacks as you move away!
The orc hits you with a +0 hand axe.
* * * LOW HITPOINT WARNING * * *
The ball python attacks as you move away!
The ball python bites you but does no damage.
The orc closely misses you. The orc attacks as you move away!
The orc hits you with a +0 club.
* * * LOW HITPOINT WARNING * * *
The ball python barely misses you.
The ball python attacks as you move away!
The ball python bites you but does no damage.
There is an escape hatch in the floor here.
The ball python bites you.
* * * LOW HITPOINT WARNING * * *
You fly downwards.
The hatch slams shut behind you.
Found 3 stones.
You scratch the orc but do no damage.
The orc is moderately wounded.
The ball python bites you but does no damage.
The orc hits you with a +0 hand axe.
* * * LOW HITPOINT WARNING * * *
Unknown command.
You barely miss the orc.
The orc is moderately wounded.
The ball python closely misses you. The orc hits you with a +0 hand axe.
You die...

#.# #.#
#(# #.#
#.# #.#
#######S#
......o@#
#########


You could see an orc and a ball python.

Vanquished Creatures
  An orc priest (D:3)
  2 worms (D:2)
  3 bats
  2 endoplasms (D:1)
  2 giant cockroaches (D:1)
  2 goblins (D:1)
  3 hobgoblins (D:1)
  8 jackals (D:1)
  A quokka (D:1)
  3 ball pythons (D:1)
  2 frilled lizards (D:1)
  5 kobolds (D:1)
34 creatures vanquished.

Notes
Turn   | Place    | Note
-------+----------+-------------------------------------------
     0 | D:1      | wormed the Troll Gladiator began the quest for the Orb.
     0 | D:1      | Reached XP level 1. HP: 19/19 MP: 0/0
   223 | D:1      | Reached XP level 2. HP: 28/28 MP: 1/1
   323 | D:1      | Reached XP level 3. HP: 35/35 MP: 2/2
   666 | D:2      | You fall into a shaft and drop 1 floor!
   711 | D:3      | Reached XP level 4. HP: 12/42 MP: 3/3
   723 | D:4      | HP: 1/40 [orc/+0 hand axe (5)]
   724 | D:4      | Slain by an orc

Illustrated notes

Levels and vault maps discovered:
D:1:      tarquinn_simple_flora_water_c, layout_loops_ring
D:2:      layout_loops_cross, serial_shops, nicolae_shop_bloodbath_and_beyond,
          shapermc_ecumenical_altar_pompeii, nicolae_wormholes, uniq_robin
D:3:      layout_basic, nicolae_sif_muna_condensation
D:4:      cheibrodos_helix_gallery, layout_basic,
          hangedman_abyss_or_decor_passed, uniq_natasha

Skill      XL: |  1  2  3 |
---------------+----------+-----
Throwing       | 2 |  2.3
Fighting       | 2 |  2.1
Dodging        | |  2.8
Unarmed Combat | |  3.9

Action                   |  1- 3 |  4- 6 || total
-------------------------+-------+-------++-------
Melee: Unarmed           |    82 |     3 ||    85
       Punch             |     2 |       ||     2
  Use: Potion            |       |     2 ||     2
Armor: Robe              |    34 |     4 ||    38
Dodge: Dodged            |    42 |    11 ||    53
